 Dungeon Crawl Stone Soup version 0.31-a0-233-g139696dc86 (webtiles) character file.

Game seed: 1863552631183820644

497 qw the Shooter (level 6, -1/52 HPs)
             Began as a Minotaur Hexslinger on July 7, 2023.
             Was a Follower of Okawaru.
             Slain by a scorpion (4 damage)
             ... on level 5 of the Dungeon.
             The game lasted 00:01:20 (3685 turns).

qw the Shooter (Minotaur Hexslinger)                Turns: 3685, Time: 00:01:21

Health: -1/52      AC:  9    Str: 12    XL:     6   Next: 93%
Magic:  4/6        EV: 13    Int: 10    God:    Okawaru [*.....]
Gold:   367        SH:  0    Dex: 15    Spells: 6/7 levels left

rFire   . . .        Y - +3 sling
rCold   . . .        (no shield)
rNeg    + . .        k - +1 ring mail {rN+}
rPois   .            (helmet restricted)
rElec   .            (no cloak)
rCorr   .            b - +0 pair of gloves
SInv    .            e - +0 pair of boots
Will    +....        (no amulet)
Stlth   ++           d - ring of willpower
HPRegen 0.28/turn    (no ring)
MPRegen 0.10/turn

%: no passive effects
@: lethally poisoned (-1 -> -3), heroic
A: horns 2, retaliatory headbutt
a: Renounce Religion, Heroism


You were on level 5 of the Dungeon.
You worshipped Okawaru.
Okawaru was aware of your devotion.
You visited 2 branches of the dungeon, and saw 6 of its levels.

You collected 367 gold pieces.


Innate Abilities, Weirdness & Mutations

You have a pair of horns on your head.
You reflexively headbutt those who attack you in melee.


   Skills:
 - Level 4.0(9.0) Fighting
 + Level 6.9(11.9) Ranged Weapons
 - Level 1.0(6.0) Armour
 - Level 2.1(7.1) Dodging
 - Level 1.0 Spellcasting
 - Level 2.0 Hexes
 + Level 1.7 Invocations


You had 6 spell levels left.
You knew the following spells:

 Your Spells              Type           Power      Damage    Failure   Level
a - Slow                  Hex            16%        N/A       30%         1

Your spell library contained the following spells:

 Spells                   Type           Power      Damage    Failure   Level
 Inner Flame              Hex/Fire       2%         N/A       80%         3
 Portal Projectile        Hex/Tloc       4%         N/A       80%         3
 Cause Fear               Hex            2%         N/A       97%         4

Inventory:

Hand Weapons
 Y - a +3 sling (weapon)
Armour
 b - a +0 pair of gloves (worn)
 e - a +0 pair of boots (worn)
 k - a +1 ring mail of positive energy (worn)
Jewellery
 d - a ring of willpower (left hand)
 j - a ring of fire
 m - a ring of flight
Scrolls
 a - a scroll of identify
 i - a scroll of immolation {unknown}
Potions
 f - a potion of might
 g - a potion of mutation {unknown}
 h - a potion of haste {unknown}
 l - a potion of curing {unknown}

Dungeon Overview and Level Annotations

Branches:
Dungeon (5/15)             Temple (1/1) D:4

Altars:
Ashenzari
Cheibriados
Dithmenos
Elyvilon
Gozag
Hepliaklqana
Kikubaaqudgha
Makhleb
Nemelex Xobeh
Okawaru
Qazlal
Ru
Sif Muna
Trog
Vehumet
Xom
Yredelemnul
Zin

Shops:
D:2 [

Annotations:
D:2 1 runed translucent door, Crazy Yiuf


Message History

You feel very sick.
The water moccasin bites you but does no damage.
You shoot a sling bullet.
The sling bullet misses the water moccasin.
You feel sick. The water moccasin misses you.
The water moccasin barely misses you. You furiously retaliate!
You headbutt the water moccasin.
You kill the water moccasin!
Okawaru is honoured by your kill.
You can now gain great but temporary skills.
You shoot a sling bullet. The sling bullet hits the scorpion!
The scorpion is moderately wounded.
You feel sick.
You shoot a sling bullet. The sling bullet hits the scorpion.
The scorpion is severely wounded.
You feel sick. The scorpion barely misses you.
The scorpion stings you but does no damage.
You shoot a sling bullet.
The sling bullet barely misses the scorpion.
Your surroundings suddenly seem different.
An adder, a shadow imp, a gnoll, a quokka and 2 scorpions come into view.
Found 2 potions of attraction.
You feel sick.
The gnoll shouts!
The shadow imp shouts!
The gnoll barely misses you.
The shadow imp moves out of view.
Enter note:
Enter note:
Enter note:
Enter note:
Enter note:
Enter note:
Enter note:
Enter note:
Enter note: You shoot a sling bullet.
The sling bullet hits the scorpion.
The scorpion is moderately wounded.
You feel sick. The scorpion closely misses you. The quokka closely misses you.
You shoot a sling bullet. The sling bullet hits the scorpion.
The scorpion is heavily wounded.
You feel sick. The gnoll barely misses you. The scorpion stings you.
You die...

## # #####
. +. #...#
## . #..
+.8.# #.##5
#.. #...#
#...###
#..#%..#
#..S#!# #
#s.8.'
#..s.##...#
#S#...#
#..@...# #.
#...#
#grs...# ..
+.8.#
#.......#
## #...#
#########
#####
########


You could see 2 scorpions, a gnoll, an adder, a shadow imp and a quokka.

Vanquished Creatures
  A water moccasin (D:5)
  A phantom (D:4)
  3 hounds
  An orc priest (D:5)
  Terence (D:3)
  2 orc wizards (D:5)
  A gnoll (D:5)
  4 adders
  3 worms
  2 dart slugs
  6 orcs
  5 endoplasms
  3 hobgoblins
  7 jackals
  6 kobolds
  7 quokkas
  4 ball pythons
  5 bats
  3 frilled lizards
  5 goblins
  2 rats
72 creatures vanquished.

Notes
Turn   | Place    | Note
-------+----------+-------------------------------------------
     0 | D:1      | qw the Minotaur Hexslinger began the quest for the Orb.
     0 | D:1      | Reached XP level 1. HP: 16/16 MP: 1/1
     0 | D:1      | 0 ||| qw: Version: 0.3-a-46-gb1f654a
     0 | D:1      | 0 ||| qw: Game counter: 3137
     0 | D:1      | 0 ||| qw: Melee chars always use a shield: true
     0 | D:1      | 0 ||| qw: God list: Okawaru
     0 | D:1      | 0 ||| qw: Allow faded altars: false
     0 | D:1      | 0 ||| qw: Do Orc after clearing Dungeon:15 true
     0 | D:1      | 0 ||| qw: Do second Lair branch before Depths: true
     0 | D:1      | 0 ||| qw: Lair rune preference: random
     0 | D:1      | 0 ||| qw: Goals: Normal
     0 | D:1      | 0 ||| PLANNING D:1-11
   125 | D:1      | 125 ||| FLEEEEING.
   126 | D:1      | 126 ||| FLEEEEING.
   133 | D:1      | 133 ||| FLEEEEING.
   151 | D:1      | Reached skill level 3 in Ranged Weapons
   151 | D:1      | Reached XP level 2. HP: 23/23 MP: 2/2
   568 | D:1      | 568 ||| UPGRADING to +0 leather armour.
   578 | D:1      | 578 ||| DROPPING +0 robe.
   579 | D:1      | 579 ||| UPGRADING to +0 ring mail.
   589 | D:1      | 589 ||| DROPPING +0 leather armour.
   590 | D:1      | 590 ||| UPGRADING to ring of willpower.
   591 | D:1      | 591 ||| READING scroll labelled JAOLAA HIOPN.
   592 | D:1      | 592 ||| READING scroll labelled XYBO ROIBRUIN.
   593 | D:1      | 593 ||| READING scroll labelled PALOGIOHEUK.
   596 | D:1      | 596 ||| DRINKING 2 blue potions.
   597 | D:1      | 597 ||| DROPPING scroll of poison.
   634 | D:2      | Found Acwaiv's Armour Shop.
   723 | D:2      | Found a runed translucent door.
   723 | D:2      | Found the +6 shillelagh "Devastator" {shatter}
   724 | D:2      | Noticed Crazy Yiuf
   759 | D:2      | 759 ||| SHOPLISTING +0 robe of Existentialism {rC- Dex+3
                  | Archmagi} (252 gold, have 78).
   759 | D:2      | 759 ||| SHOPLISTING +1 leather armour of Absence {rN+} (218
                  | gold, have 78).
   759 | D:2      | 759 ||| SHOPLISTING +5 robe of Night {Dark Will+ SInv} (720
                  | gold, have 78).
   941 | D:2      | Reached XP level 3. HP: 29/29 MP: 3/3
  1395 | D:2      | 1395 ||| UPGRADING to +0 pair of gloves.
  1400 | D:2      | 1400 ||| READING 2 scrolls of identify.
  1400 | D:2      | 1400 ||| IDENTIFYING fizzy coppery potion
  1401 | D:2      | 1401 ||| DROPPING potion of attraction.
  1756 | D:3      | Reached skill level 4 in Ranged Weapons
  1938 | D:3      | 1938 ||| READING scroll of enchant weapon.
  1938 | D:3      | 1938 ||| ENCHANTING +2 sling.
  2114 | D:3      | Reached skill level 1 in Armour
  2127 | D:3      | Noticed Terence
  2143 | D:3      | HP: 7/29 [Terence/+0 mace (4)]
  2144 | D:3      | 2144 ||| READING 2 scrolls of teleportation.
  2145 | D:3      | 2145 ||| DRINKING potion of heal wounds.
  2175 | D:3      | Killed Terence
  2176 | D:3      | Reached XP level 4. HP: 36/36 MP: 4/4
  2228 | D:3      | 2228 ||| UPGRADING to +0 pair of boots.
  2233 | D:3      | 2233 ||| UPGRADING to +1 ring mail of positive energy.
  2243 | D:3      | 2243 ||| DROPPING +0 ring mail.
  2244 | D:3      | 2244 ||| READING scroll labelled CIOFAGR BOKEL.
  2245 | D:3      | 2245 ||| READING scroll labelled LEODAU ASUVI.
  2424 | D:4      | Found a staircase to the Ecumenical Temple.
  2425 | D:4      | 2425 ||| PLANNING TEMPLE
  2425 | D:4      | 2425 ||| STAIRDANCE
  2429 | D:4      | 2429 ||| STAIRDANCE
  2435 | D:4      | 2435 ||| STAIRDANCE
  2454 | Temple   | Entered the Ecumenical Temple
  2473 | Temple   | 2473 ||| PLANNING OKAWARU WORSHIP
  2668 | Temple   | Became a worshipper of Warmaster Okawaru
  2669 | Temple   | 2669 ||| PLANNING D:1-11
  2711 | D:4      | Noticed a phantom
  2724 | D:4      | Killed a phantom
  2725 | D:4      | Reached skill level 5 in Ranged Weapons
  2725 | D:4      | Reached XP level 5. HP: 35/41 MP: 5/5
  2841 | D:4      | Reached * piety under Okawaru
  3041 | D:4      | Reached skill level 3 in Fighting
  3270 | D:4      | 3270 ||| READING 2 scrolls of identify.
  3270 | D:4      | 3270 ||| IDENTIFYING red potion
  3278 | D:5      | Entered Level 5 of the Dungeon
  3413 | D:5      | 3413 ||| INVOKING Heroism.
  3422 | D:5      | Reached skill level 6 in Ranged Weapons
  3424 | D:5      | 3424 ||| FLEEEEING.
  3432 | D:5      | 3432 ||| STAIRDANCE
  3462 | D:4      | 3462 ||| READING scroll labelled USEXZO WUOLIOZ.
  3493 | D:5      | Reached XP level 6. HP: 51/51 MP: 6/6
  3659 | D:5      | Noticed a water moccasin
  3660 | D:5      | 3660 ||| INVOKING Heroism.
  3665 | D:5      | Reached skill level 1 in Invocations
  3676 | D:5      | 3676 ||| INVOKING Heroism.
  3678 | D:5      | HP: 13/52 [poisoned by a water moccasin]
  3679 | D:5      | 3679 ||| READING scroll of teleportation.
  3680 | D:5      | Killed a water moccasin
  3682 | D:5      | HP: 5/52 [poisoned by a water moccasin]
  3685 | D:5      | Slain by a scorpion

Levels and vault maps discovered:
D:1:      lightli_arrival_flooded_house, layout_basic
D:2:      layout_loops_ring, serial_shops, nicolae_shop_tiny_waterfront,
          uniq_crazy_yiuf_cottage
D:3:      layout_basic, minmay_gold_behind_fungi, uniq_terence
D:4:      layout_loops_ring, minmay_temple_entry_large_hall
D:5:      minmay_chambers_of_threes, layout_loops_cross
Temple:   hc_temple_tempest_star

Skill      XL: |  1  2  3  4  5  6 |
---------------+-------------------+-----
Ranged Weapons | 3 4 5 6 |  6.9
Fighting       | 2 3 4 |  4.0
Armour         | 1 |  1.0
Invocations    | 1 |  1.7
Dodging        | |  2.1
Spellcasting   | |  1.0
Hexes          | |  2.0

Action                     |  1- 3 |  4- 6 || total
---------------------------+-------+-------++-------
   Fire: Sling             |   124 |   128 ||   252
 Invoke: Heroism           |       |     3 ||     3
    Use: Scroll            |     6 |     5 ||    11
         Potion            |     2 |       ||     2
 Armour: Robe              |     3 |       ||     3
         Ring mail         |    16 |    39 ||    55
  Dodge: Dodged            |    25 |    37 ||    62

Table legend:
 A = Non-vault XP
 B = Vault XP
 C = Vault XP percentage of total XP
 D = Non-vault monster count
 E = Vault monster count
 F = Vault count percentage of total count
                 A         B        C        D         E       F
            +---------+---------+-------+---------+---------+-------
      Total |     428 |     282 |  39.7 |      67 |       5 |   6.9
            +---------+---------+-------+---------+---------+-------
        D:1 |      19 |       0 |   0.0 |      10 |       0 |   0.0
        D:2 |      26 |       0 |   0.0 |      13 |       0 |   0.0
        D:3 |      54 |      36 |  40.0 |      18 |       1 |   5.3
        D:4 |     180 |       0 |   0.0 |      17 |       0 |   0.0
        D:5 |     149 |     246 |  62.3 |       9 |       4 |  30.8
            +---------+---------+-------+---------+---------+-------
